 Dungeon Sprint DCSS version 0.20.1-1-g8b1a95d (webtiles) character file.

571 KingStallion the Fighter (level 7, -7/53 HPs)
             Began as a Gargoyle Berserker on Oct 31, 2017.
             Was a Priest of Trog.
             Mangled by a human
             ... wielding a +0 dagger
              (8 damage)
             ... in the Dungeon (Sprint III: "The Ten Rune Challenge").
             The game lasted 00:02:16 (414 turns).

KingStallion the Fighter (Gargoyle Berserker)        Turns: 414, Time: 00:02:17

Health: -7/53      AC:  7    Str: 20    XL:     7   Next: 34%
Magic:  7/7        EV: 13    Int:  8    God:    Trog [***...]
Gold:   23         SH:  0    Dex: 11    Spells: 6/6 levels left

rFire    . . .     SeeInvis .   a - +0 mace
rCold    . . .     Gourm    .   (no shield)
rNeg     + . .     Faith    .   q - +0 animal skin
rPois    ∞         Spirit   .   (no helmet)
rElec    +         Reflect  .   (no cloak)
rCorr    .         Harm     .   (no gloves)
MR       .....     NoTele   +   (no boots)
Stlth    +.........             (no amulet)
Regen    0.2/turn               (no ring)
MPRegen  0.1/turn               (no ring)

@: berserk cooldown, slowed, very slow
A: negative energy resistance 1, electricity resistance, unbreathing,
petrification resistance, rot immunity, AC +4
a: Berserk, Trog's Hand, Burn Spellbooks, Renounce Religion


You were in the Dungeon.
You worshipped Trog.
Trog was most pleased with you.
You were not hungry.

You visited 1 branch You collected 23 gold pieces.

Inventory:

Hand Weapons
 a - a +0 mace (weapon)
 b - a +2 long sword of holy wrath
Armour
 q - a +0 animal skin (worn)
Scrolls
 i - a scroll of blinking
 k - 2 scrolls of holy word {unknown}
 l - 3 scrolls of identify
 m - 3 scrolls of remove curse
Potions
 d - a potion of curing
 e - a potion of heal wounds
 f - a potion of haste
 g - 2 potions of magic
 h - 2 potions of berserk rage
 j - 3 potions of mutation {unknown}
 o - 2 potions of flight {unknown}
Comestibles
 n - a royal jelly
 p - a meat ration


   Skills:
 * Level 10.8 Fighting
 * Level 10.2 Maces & Flails
 * Level 6.2 Armour
 + Level 4.1 Dodging
 + Level 0.8 Stealth


You had 6 spell levels left.
You didn't know any spells.

Dungeon Overview and Level Annotations

Branches:
Dungeon (1/1)

Altars:
Elyvilon
Okawaru
Trog
Uskayaw
Zin
The Shining One
Beogh


Innate Abilities, Weirdness & Mutations

You are resistant to torment.
Your stone body is resilient. (AC +4)
You are immune to poison.
You resist negative energy. (rN+)
You are resistant to electric shocks. (rElec)
You can survive without breathing.
You are immune to petrification.
You are immune to rotting.


Message History

There is an open door here.
You closely miss the human.
The human is lightly wounded.
The human hits you with a dagger!
The human drinks a potion.
The human seems to grow stronger.
You miss the human.
The human is lightly wounded.
You are no longer berserk.
You pass out from exhaustion.
You feel yourself slow down. The human hits you with a dagger.
The human hits you. The human hits you with a dagger.
The human hits you with a dagger. The human hits you!
* * * LOW HITPOINT WARNING * * *
You can move again.
The human rages.
The human hits you with a dagger!
* * * LOW HITPOINT WARNING * * *
The human barely misses you. The human hits you with a dagger!
You die...

▓ ▓▓▓ ####
##.#########
...#####..#___#___#
....#..#..#...#._.#
#...#..#..###'#p###+##
##..##'#..#....p@....#
##..###...'.⌠........#
#..####...#...######+#
#..###....#.⌠.#
...##.....#...#
...#.†....#+###
.##.#.....#
.#####....# ▓▓ ▓▓▓▓▓▓


You could see 2 humans.

Vanquished Creatures
  A deep elf mage (D)
  A water elemental (D)
  A scorpion (D)
  Jessica (D)
  A human (D)
  An ooze (D)
  2 rats (D)
8 creatures vanquished.

Vanquished Creatures (others)
  2 draconian scorchers (D)
  6 hellions (D)
  2 yaktaurs (D)
10 creatures vanquished.

Grand Total: 18 creatures vanquished

Notes
Turn   | Place    | Note
-------+----------+-------------------------------------------
     0 | D        | KingStallion the Gargoyle Berserker began the quest for the Orb.
     0 | D        | Reached XP level 1. HP: 14/14 MP: 1/1
    42 | D        | Noticed Jessica
    50 | D        | Killed Jessica
    50 | D        | Reached ** piety under Trog
    50 | D        | Reached skill level 5 in Fighting
    50 | D        | Reached XP level 2. HP: 18/21 MP: 2/2
    50 | D        | Reached XP level 3. HP: 23/26 MP: 3/3
    52 | D        | Killed a yaktaur
    61 | D        | Killed a yaktaur
    86 | D        | Noticed a scorpion
    91 | D        | Killed a hellion
    92 | D        | Killed a scorpion
    92 | D        | Reached XP level 4. HP: 32/32 MP: 4/4
    95 | D        | Killed a hellion
   103 | D        | Killed a hellion
   104 | D        | Killed a hellion
   104 | D        | Killed a hellion
   105 | D        | Killed a hellion
   148 | D        | Killed a white draconian scorcher
   164 | D        | Noticed a water elemental
   164 | D        | Killed a white draconian scorcher
   172 | D        | Killed a water elemental
   172 | D        | Reached *** piety under Trog
   172 | D        | Reached XP level 5. HP: 34/39 MP: 5/5
   214 | D        | Found a glowing silver altar of Zin.
   216 | D        | Found a glowing golden altar of the Shining One.
   216 | D        | Found a white marble altar of Elyvilon.
   216 | D        | Noticed a deep elf mage
   223 | D        | Noticed a fire elemental
   231 | D        | HP: 2/58 [fire elemental[a deep elf mage] (8)]
   232 | D        | Killed a deep elf mage
   232 | D        | Reached skill level 10 in Fighting
   232 | D        | Reached skill level 10 in Maces & Flails
   232 | D        | Reached XP level 6. HP: 2/48 MP: 6/6
   232 | D        | Reached XP level 7. HP: 2/53 MP: 7/7
   397 | D        | Found a roughly hewn altar of Beogh.
   397 | D        | Found an iron altar of Okawaru.
   397 | D        | Found a bloodstained altar of Trog.
   397 | D        | Found a hide-covered altar of Uskayaw.
   397 | D        | Noticed a human
   398 | D        | Noticed a human
   414 | D        | HP: 1/53 [human/dagger (8)]
   414 | D        | Mangled by a human

Skill      XL: |  1  2  3  4  5 |
---------------+----------------+-----
Fighting       | 5 6 7 10 | 10.8
Maces & Flails | 4 6 7 10 | 10.2
Armour         | 3 4 6 |  6.2
Dodging        | 2 3 4 |  4.1
Stealth        | |  0.8

Action                   |  1- 3 |  4- 6 |  7- 9 || total
-------------------------+-------+-------+-------++-------
Melee: Mace              |    14 |    37 |    10 ||    61
Invok: Berserk           |     2 |     2 |     1 ||     5
       Trog's Hand       |       |     3 |     1 ||     4
  Eat: Chunk             |       |     1 |       ||     1
       Bread ration      |       |       |     1 ||     1
Armor: Animal skin       |     1 |    12 |     1 ||    14
Dodge: Dodged            |    12 |    25 |     3 ||    40
